 Dungeon Crawl Stone Soup version 0.28.0-45-g0d030f2227 (webtiles) character file.

Game seed: 3344449782258779902

2149 thiscave3701365 the Cleaver (level 9, -2/74 HPs)
             Began as a Minotaur Berserker on Apr 19, 2022.
             Was a Priest of Trog.
             Slain by a boulder beetle (8 damage)
             ... on level 7 of the Dungeon.
             The game lasted 00:05:50 (7001 turns).

thiscave3701365 the Cleaver (Minotaur Berserker)    Turns: 7001, Time: 00:05:51

Health: -2/74      AC: 14    Str: 26    XL:     9   Next: 9%
Magic:  8/8        EV: 14    Int:  4    God:    Trog [***...]
Gold:   218        SH:  0    Dex: 10    Spells: 8/8 levels left

rFire   . . .      SeeInvis .   n - +0 war axe
rCold   . . .      Faith    .   (no shield)
rNeg    + . .      Spirit   .   c - +0 pearl dragon scales
rPois   .          Reflect  .   (helmet restricted)
rElec   .          Harm     .   l - +0 cloak
rCorr   .          Rampage  .   v - +0 pair of gloves
Will    .....                   (no boots)
Stlth   ..........              (no amulet)
HPRegen 0.22/turn               e - +4 ring of evasion
MPRegen 0.11/turn               (no ring)

@: on berserk cooldown, slowed, very slow
A: horns 2, retaliatory headbutt
a: Renounce Religion, Berserk, Trog's Hand


You were on level 7 of the Dungeon.
You worshipped Trog.
Trog was most pleased with you.
You visited 1 branch of the dungeon, and saw 7 of its levels.

You collected 218 gold pieces.

Inventory:

Hand Weapons
 a - a +0 hand axe
 n - a +0 war axe (weapon)
Missiles
 u - a throwing net
Armour
 c - +0 pearl dragon scales (worn)
 l - a +0 cloak (worn)
 v - a +0 pair of gloves (worn)
Jewellery
 b - an amulet of faith
 e - a +4 ring of evasion (left hand)
 m - a ring of protection from cold
 w - a ring of magical power
Wands
 s - a wand of flame (23)
Scrolls
 g - a scroll of summoning {unknown}
 h - 2 scrolls of identify {unknown}
 i - 4 scrolls of immolation {unknown}
 o - 2 scrolls of fog {unknown}
 q - a scroll of amnesia {unknown}
 t - a scroll of noise {unknown}
Potions
 d - 3 potions of curing {unknown}
 f - 2 potions of attraction {unknown}
 j - 3 potions of brilliance {unknown}
 k - 3 potions of degeneration {unknown}
 p - a potion of magic {unknown}
 r - a potion of invisibility {unknown}


   Skills:
 + Level 5.5 Fighting
 + Level 13.1 Axes
 + Level 5.1 Armour
 + Level 2.5 Dodging
 + Level 1.1 Stealth


You had 8 spell levels left.
You didn't know any spells.
Your spell library was empty.

Dungeon Overview and Level Annotations

Branches:
Dungeon (7/15)             Temple (0/1) D:4

Altars:
Ru
Sif Muna
Vehumet
Wu Jian
Xom
Zin

Shops:
D:2 !   D:4 (

Annotations:
D:6 2 transporters, Skarlet's ghost, novice DrCj


Innate Abilities, Weirdness & Mutations

You have a pair of horns on your head.
You reflexively headbutt those who attack you in melee.


Message History

You are too injured to fight recklessly!
You are too injured to fight recklessly!
You are too injured to fight recklessly!
A boulder beetle is nearby!
You are too injured to fight recklessly!
A boulder beetle is nearby!
Unknown command.
You are too injured to fight recklessly!
A boulder beetle is nearby!
You are too injured to fight recklessly!
A boulder beetle is nearby!
You slice the boulder beetle!!
The boulder beetle is moderately wounded.
The boulder beetle closely misses you.
You slash the boulder beetle! You headbutt the boulder beetle!
The boulder beetle is heavily wounded.
The boulder beetle bites you.
You slash the boulder beetle!
The boulder beetle is severely wounded.
The boulder beetle leaps!
The boulder beetle curls into a ball and begins rolling!
The boulder beetle closely misses you. You furiously retaliate!
You headbutt the boulder beetle!
The boulder beetle stops rolling and uncurls.
The boulder beetle barely misses you.
You hit the boulder beetle but do no damage.
The boulder beetle is severely wounded.
The boulder beetle bites you.
You slash the boulder beetle!
The boulder beetle is almost dead.
The boulder beetle bites you!
* * * LOW HITPOINT WARNING * * *
You completely miss the boulder beetle.
The boulder beetle is almost dead.
The boulder beetle barely misses you. The boulder beetle bites you!
* * * LOW HITPOINT WARNING * * *
You slash the boulder beetle!
The boulder beetle is almost dead.
The boulder beetle bites you!
You die...

#.# #.# # ##.##.#
....( #.#.#
####.#.##
#...)...# #..#
#...@B..# #..#
#......)######
#..#
#.....)......#
#..#
#...)...))...#
#..#
#.##......##.#
#..# ...
##....###.#####..#
###.
##..###.....)...#
..
#####....####.##
#. #.....# #.#


You could see a boulder beetle.

Vanquished Creatures
  A meliai zombie (D:7)
  Menkaure (D:6)
  A water moccasin (D:7)
  An ice beast (D:6)
  2 black bears
  A centaur (D:6)
  A phantom (D:6)
  2 scorpions
  Blork the orc (D:6)
  2 gnoll sergeants
  A water moccasin skeleton (D:5)
  4 wights (D:6)
  A bullfrog zombie (D:5)
  4 hounds
  A gnoll shaman (D:5)
  A centaur skeleton (D:5)
  3 jellies (D:5)
  2 orc priests
  A bullfrog skeleton (D:5)
  Ijyb (D:4)
  2 orc wizards
  21 gnolls
  3 adders (D:5)
  A shadow imp (D:7)
  An adder skeleton (D:4)
  4 worms
  2 dart slugs
  13 orcs
  9 endoplasms
  3 giant cockroaches
  7 goblins
  8 hobgoblins
  7 jackals (D:1)
  2 quokkas
  7 ball pythons
  6 bats
  3 frilled lizards (D:1)
  A jackal skeleton (D:4)
  4 kobolds
  8 rats
144 creatures vanquished.

Notes
Turn   | Place    | Note
-------+----------+-------------------------------------------
     0 | D:1      | thiscave3701365 the Minotaur Berserker began the quest for
                  | the Orb.
     0 | D:1      | Reached XP level 1. HP: 19/19 MP: 0/0
    29 | D:1      | Reached skill level 4 in Axes
   174 | D:1      | Reached XP level 2. HP: 22/26 MP: 1/1
   587 | D:1      | Reached skill level 5 in Axes
   825 | D:1      | Reached XP level 3. HP: 31/31 MP: 2/2
   863 | D:1      | Reached ** piety under Trog
  1379 | D:2      | Found Bifizx Amej's Distillery.
  1672 | D:3      | Found a sacrificial altar of Ru.
  1675 | D:3      | Reached skill level 6 in Axes
  1675 | D:3      | Reached XP level 4. HP: 39/39 MP: 3/3
  1794 | D:3      | Found a faded altar of an unknown god.
  2448 | D:4      | Reached skill level 7 in Axes
  2448 | D:4      | Reached XP level 5. HP: 45/45 MP: 4/4
  2556 | D:4      | Found a shimmering altar of Xom.
  2559 | D:4      | Noticed an angel
  2563 | D:4      | Found a glowing silver altar of Zin.
  2627 | D:4      | Found Erphucoyrr's Weapon Emporium.
  2658 | D:4      | Noticed a black bear
  2667 | D:4      | Killed a black bear
  2668 | D:4      | Reached skill level 8 in Axes
  3119 | D:4      | Found a staircase to the Ecumenical Temple.
  3300 | D:4      | Noticed Ijyb
  3309 | D:4      | Killed Ijyb
  3310 | D:4      | Reached XP level 6. HP: 51/51 MP: 5/5
  3706 | D:5      | Entered Level 5 of the Dungeon
  3735 | D:5      | Reached skill level 9 in Axes
  3927 | D:5      | Reached XP level 7. HP: 57/57 MP: 6/6
  3967 | D:5      | Reached skill level 10 in Axes
  4311 | D:5      | Reached *** piety under Trog
  4529 | D:5      | Reached skill level 11 in Axes
  4994 | D:6      | Reached XP level 8. HP: 65/65 MP: 7/7
  5388 | D:6      | Found a transporter.
  5401 | D:6      | Found a transporter.
  5410 | D:6      | Noticed Skarlet's ghost (novice DrCj)
  5596 | D:6      | Noticed Menkaure
  5601 | D:6      | Killed Menkaure
  5602 | D:6      | Reached skill level 12 in Axes
  5886 | D:6      | Noticed Blork the orc
  5894 | D:6      | Killed Blork the orc
  6124 | D:6      | Reached skill level 5 in Fighting
  6363 | D:6      | Found an ornate altar of the Wu Jian Council.
  6786 | D:7      | Found a shimmering blue altar of Sif Muna.
  6787 | D:7      | Found a radiant altar of Vehumet.
  6797 | D:7      | Reached skill level 13 in Axes
  6797 | D:7      | Reached skill level 1 in Stealth
  6797 | D:7      | Reached XP level 9. HP: 52/74 MP: 8/8
  6971 | D:7      | Reached skill level 5 in Armour
  6983 | D:7      | Noticed a boulder beetle
  7001 | D:7      | Slain by a boulder beetle

Illustrated notes

Levels and vault maps discovered:
D:1:      nicolae_arrival_somewhat_less_tricky_arrival, layout_basic
D:2:      layout_rooms, serial_shops, nicolae_shop_hallway_plus
D:3:      layout_loops_ring, nicolae_ru_awakened_eye,
          shapermc_ecumenical_altar_starsandcircs, eino_curves_03
D:4:      layout_cave_pools, grunt_temple_overflow_order_and_chaos_1,
          minmay_temple_entry_trees, serial_park, serial_park_tiny_pond,
          serial_park_tiny_2, serial_park_square2, serial_park_tiny_pond,
          serial_park_tiny_1, serial_shops, nicolae_shop_hallway_plus, uniq_ijyb
D:5:      layout_basic
D:6:      layout_basic, lemuel_doored_altar, gammafunk_ghost_arena,
          uniq_blork_the_orc, uniq_menkaure
D:7:      layout_loops_ring, gammafunk_temple_overflow_pools,
          minmay_misc_feat_room, minivault_19, nicolae_stop_n_shop_2

Skill      XL: |  1  2  3  4  5  6  7  8  9 |
---------------+----------------------------+-----
Axes           | 4 5 6 7 8 9 11 13 | 13.1
Fighting       | 5 |  5.5
Armour         | 4 5 |  5.1
Stealth        | 1 |  1.1
Dodging        | |  2.5

Action                   |  1- 3 |  4- 6 |  7- 9 || total
-------------------------+-------+-------+-------++-------
Melee: Hand axe          |    93 |     8 |       ||   101
       Headbutt          |    17 |    19 |    25 ||    61
       War axe           |       |    79 |   138 ||   217
       Punch             |       |       |     1 ||     1
Invok: Berserk           |     3 |     7 |     9 ||    19
Armor: Pearl dragon scal |    33 |    51 |    42 ||   126
       Animal skin       |     1 |       |       ||     1
Dodge: Dodged            |    78 |    63 |    88 ||   229
